 Dungeon Crawl Stone Soup version 0.19-a0-288-g67c72eb (webtiles) character file.

4685 IcyTea the Blocker (level 10, -1/79 HPs)
             Began as a Formicid Fighter on May 27, 2016.
             Was a Follower of Hepliaklqana.
             Succumbed to Erica's bolt of poison
             ... on level 7 of the Dungeon.
             The game lasted 00:28:59 (7341 turns).

IcyTea the Blocker (Formicid Fighter)               Turns: 7341, Time: 00:28:59

Health: -1/79      AC: 11    Str: 26    XL:     10   Next: 72%
Magic:  10/10      EV: 10    Int: 11    God:    Hepliaklqana [*.....]
Gold:   387        SH: 14    Dex: 10    Spells: 1 memorised, 6 levels left

rFire  . . .     SeeInvis +     a - +1 long sword
rCold  + + .     Gourm    .     o - +0 scale mail {rC+}
rNeg   . . .     Faith    .     c - +1 shield
rPois  .         Spirit   .     (helmet unavailable)
rElec  .         Dismiss  .     (no cloak)
rCorr  .         Reflect  .     r - +0 pair of gloves
SustAt .         Harm     .     s - +0 pair of boots
MR     +....                    (no amulet)
Stlth  ..........               h - ring of protection from cold
                                b - +2 ring of protection

@: mighty, lethally poisoned (-1 -> -13), somewhat resistant to hostile
enchantments, extremely unstealthy
A: permanent stasis, dig shafts and tunnels, four strong arms, antennae 3
a: Dig, Shaft Self, Recall Ancestor, Ancestor Identity, Renounce Religion


You were on level 7 of the Dungeon.
You worshipped Hepliaklqana.
Hepliaklqana was aware of your devotion.
You were not hungry.

You visited 2 branches of the dungeon, and saw 9 of its levels.

You collected 387 gold pieces.

Inventory:

Hand Weapons
 a - a +1 long sword (weapon)
Missiles
 q - 5 tomahawks (quivered)
Armour
 c - a +1 shield (worn)
 o - a +0 scale mail of cold resistance (worn)
 r - a +0 pair of gloves (worn)
 s - a +0 pair of boots (worn)
Jewellery
 b - a +2 ring of protection (left hand)
 h - a ring of protection from cold (right hand)
Wands
 l - a wand of paralysis (7/24)
 y - a wand of flame (1/48)
 z - a wand of iceblast (6/15)
 B - a wand of lightning (0/15)
Scrolls
 e - 5 scrolls of remove curse
 i - a scroll of recharging
 w - a scroll of enchant armour
Potions
 d - 3 potions of might
 j - 3 potions of flight
 u - a potion of magic
 A - 3 potions of brilliance
Books
 m - a book of Conjurations

   Spells                             Type                      Level
   a - Magic Dart                     Conjuration                  1
   b - Searing Ray                    Conjuration                  2
   c - Dazzling Spray                 Conjuration/Hexes            3
   d - Fulminant Prism                Conjuration/Hexes            4
   e - Iskenderun's Mystic Blast      Conjuration                  4
   f - Iskenderun's Battlesphere      Conjuration/Charms           5
Comestibles
 f - 6 bread rations
 g - a slice of pizza
 k - 9 fruits
 n - 2 royal jellies
 p - a meat ration


   Skills:
 + Level 7.1 Fighting
 - Level 10.0 Long Blades
 - Level 3.2 Armour
 - Level 12.1 Shields


You had 6 spell levels left.
You knew the following spells:

 Your Spells              Type           Power        Failure   Level  Hunger
a - Dazzling Spray        Conj/Hex       #.....       99%         3    ####...


Dungeon Overview and Level Annotations

Branches:
Dungeon (8/15)             Temple (1/1) D:6
   Lair: D:8-11

Altars:
Ashenzari
Cheibriados
Dithmenos
Elyvilon
Fedhas
Gozag
Hepliaklqana
Makhleb
Nemelex Xobeh
Okawaru
Pakellas
Qazlal
Ru
Sif Muna
Ukayaw
Vehumet
Xom
Yredelemnul
Zin
The Shining One


Innate Abilities, Weirdness & Mutations

You are under a permanent stasis effect.
You can dig through walls and to a lower floor.
Your four strong arms can wield two-handed weapons with a shield.
You have a pair of large antennae on your head. (SInv)


Message History

You feel sick.
* * * LOW HITPOINT WARNING * * *
You feel sick.
Things that are here:
a scimitar of flaming; a robe; the human corpse of Erica You butcher the human corpse of Erica.
* * * LOW HITPOINT WARNING * * *
You feel sick.
Things that are here:
a scimitar of flaming; a robe; 3 chunks of flesh There isn't anything to butcher here.
Eat one of 3 chunks of flesh? (ye/n/q/i?) This raw flesh tastes terrible.
* * * LOW HITPOINT WARNING * * *
You feel sick.
You continue eating.
* * * LOW HITPOINT WARNING * * *
You feel sick.
You continue eating.
You die...

## ####.#......####..####
#########.#.##.#####..##
............##...##..##
##........######....#######
#######.).#######.........#
.# ###>#.................#
.####...#########......(..#
...##.### ####...[.....#
......# #..@>#.......##
...#### #.####........##
...# ##.# #.).#.###..#
...### #..# #.#....##.##
.#...### ##.## #.###.....#
..##...# #..# #...#..####
#.####.### #.#####.......#
#........###.##.......#..###
######...<..<....#.(.)#....#


There were no monsters in sight!

Vanquished Creatures
  Erolcha (D:7)
  Erica (D:7)
  Grinder (D:3)
  Sigmund (D:2)
  Menkaure (D:4)
  4 orc warriors
  An ice beast (D:3)
  A centaur (D:5)
  2 ogres
  2 big kobolds
  Blork the orc (D:4)
  4 giant frogs (D:6)
  3 killer bees (D:6)
  3 crimson imps
  A quasit (D:6)
  A centaur zombie (D:7)
  2 hounds (D:7)
  4 orc priests
  2 centaur skeletons
  8 orc wizards
  Terence (D:3)
  An iguana (D:4)
  8 worker ants
  Natasha (twice) (D:3 D:6)
  2 killer bee zombies (D:7)
  An ancestor (D:7)
  A hound zombie (D:6)
  A worker ant zombie (D:7)
  6 adders
  A shadow imp (D:6)
  An ooze (D:4)
  2 worms
  3 dart slugs
  4 giant geckos
  17 orcs
  6 giant cockroaches
  9 goblins
  5 hobgoblins
  3 jackals (D:1)
  7 kobolds
  3 quokkas
  4 bats
  A giant cockroach zombie (D:6)
  2 giant newts
  A jackal skeleton (D:6)
  4 rats
140 creatures vanquished.

Vanquished Creatures (collateral kills)
  The ghost of subsebi the Cleaver, a novice DsFi (D:7)
  An orc warrior (D:7)
  A centaur (D:7)
  2 giant frogs
  2 scorpions
  A crimson imp (D:7)
  A centaur zombie (D:7)
  A hound (D:6)
  An orc priest (D:7)
  Natasha (D:6)
  A worker ant (D:7)
  A hound zombie (D:7)
  A hound skeleton (D:6)
  An adder (D:6)
  6 orcs
  A quokka (D:7)
  4 kobolds
27 creatures vanquished.

Vanquished Creatures (others)
  An orange crystal statue (D:4)
  2 ancestors
  A hobgoblin (D:3)
  A kobold (D:3)
  A rat (D:3)
6 creatures vanquished.

Grand Total: 173 creatures vanquished

Notes
Turn   | Place    | Note
--------------------------------------------------------------
     0 | D:1      | IcyTea the Formicid Fighter began the quest for the Orb.
     0 | D:1      | Reached XP level 1. HP: 18/18 MP: 1/1
   198 | D:1      | Reached XP level 2. HP: 24/24 MP: 2/2
   675 | D:1      | Reached XP level 3. HP: 29/29 MP: 3/3
   894 | D:2      | Found an iron altar of Okawaru.
  1109 | D:2      | Noticed Sigmund
  1118 | D:2      | Killed Sigmund
  1118 | D:2      | Reached skill level 5 in Long Blades
  1118 | D:2      | Reached XP level 4. HP: 26/35 MP: 4/4
  1118 | D:2      | Reached XP level 5. HP: 31/41 MP: 5/5
  1118 | D:2      | Reached XP level 6. HP: 35/47 MP: 6/6
  1463 | D:3      | Found a white marble altar of Elyvilon.
  1661 | D:3      | Found a radiant altar of Vehumet.
  1718 | D:3      | Noticed Natasha
  1726 | D:3      | Killed Natasha
  1873 | D:3      | Noticed an ice beast
  1883 | D:3      | Killed an ice beast
  1883 | D:3      | Reached XP level 7. HP: 33/52 MP: 7/7
  1922 | D:3      | Noticed Terence
  1930 | D:3      | Killed Terence
  2020 | D:3      | Gained mutation: Your body sometimes deteriorates upon taking damage. [potion of mutation]
  2020 | D:3      | Gained mutation: You are covered in fur. (AC +1) [potion of mutation]
  2021 | D:3      | Gained mutation: Your muscles are strong. (Str +2) [potion of mutation]
  2021 | D:3      | Gained mutation: Your spells are a little harder to cast, but a little more powerful. [potion of mutation]
  2042 | D:3      | Noticed Grinder
  2060 | D:3      | Killed Grinder
  2554 | D:4      | Noticed Menkaure
  2562 | D:4      | Killed Menkaure
  2562 | D:4      | Reached XP level 8. HP: 55/58 MP: 8/8
  2670 | D:4      | Found an oddly glowing altar of Pakellas.
  2670 | D:4      | Noticed an orange crystal statue
  2695 | D:4      | Killed an orange crystal statue
  2726 | D:4      | Noticed Blork the orc
  2740 | D:4      | Killed Blork the orc
  3162 | D:5      | Entered Level 5 of the Dungeon
  3360 | D:5      | Got a transparent robe
  3364 | D:5      | Identified the cursed +1 robe "Lyuskotz" {*Contam rN+ MR+ Int+4 Dex+2} (You found it on level 5 of the Dungeon)
  3404 | D:5      | Found a shattered altar of Ashenzari.
  3708 | D:5      | Reached skill level 10 in Long Blades
  3854 | D:5      | Reached skill level 4 in Shields
  3856 | D:5      | Reached skill level 5 in Shields
  4279 | D:6      | Reached XP level 9. HP: 64/64 MP: 9/9
  4298 | D:6      | Reached skill level 6 in Shields
  4309 | D:6      | Found a staircase to the Ecumenical Temple.
  4533 | Temple   | Entered the Ecumenical Temple
  4545 | Temple   | Became a worshipper of Hepliaklqana
  4662 | D:6      | Reached skill level 7 in Shields
  4737 | D:6      | Found a deep blue altar of Sif Muna.
  4877 | D:6      | Reached skill level 8 in Shields
  4884 | D:6      | Learned a level 3 spell: Dazzling Spray
  4953 | D:6      | Noticed Natasha
  4957 | D:6      | Killed Natasha
  5149 | D:6      | Reached skill level 9 in Shields
  5312 | D:6      | Noticed Natasha
  5324 | D:6      | Killed Natasha
  5486 | D:7      | Lost mutation: Your body sometimes deteriorates upon taking damage. [potion of cure mutation]
  5486 | D:7      | Lost mutation: Your spells are a little harder to cast, but a little more powerful. [potion of cure mutation]
  5486 | D:7      | Lost mutation: Your muscles are strong. (Str +2) [potion of cure mutation]
  5486 | D:7      | Lost mutation: You are covered in fur. (AC +1) [potion of cure mutation]
  5528 | D:7      | Reached skill level 10 in Shields
  5656 | D:7      | Noticed subsebi's ghost (novice DsFi)
  5660 | D:7      | Reached XP level 10. HP: 63/70 MP: 10/10
  6090 | D:6      | Reached skill level 11 in Shields
  6197 | D:7      | Killed subsebi's ghost
  6217 | D:7      | Reached * piety under Hepliaklqana
  6579 | D:6      | Reached skill level 12 in Shields
  6847 | D:7      | Found a stormy altar of Qazlal.
  6847 | D:7      | Found a glowing golden altar of the Shining One.
  6849 | D:7      | Found a sparkling altar of Nemelex Xobeh.
  6955 | D:8      | Noticed Erolcha
  6973 | D:7      | Killed Erolcha
  6973 | D:7      | Reached skill level 5 in Fighting
  7290 | D:8      | Noticed Erica
  7336 | D:7      | Killed Erica
  7339 | D:7      | HP: 2/79 [poisoned by Erica (bolt of poison)]
  7341 | D:7      | Succumbed to Erica's bolt of poison

Vault maps used:
D:1:      scummos_arrival_star
D:2:      okawaru_ov_weapons_minmay, grunt_decor_mini_mirrors, uniq_sigmund
D:3:      fiery_altar_vehumet, nicolae_overflow_hidden_temple, uniq_grinder,
          uniq_natasha, uniq_terence
D:4:      gammafunk_pakellas_statue_experiment, first_bread, uniq_blork_the_orc,
          uniq_menkaure
D:5:      basic_altar, hangedman_abyss_or_decor_passed
D:6:      lemuel_round_altar, temple_pool_a
D:7:      minitemple, minivault_22
D:8:      minmay_lair_entry_lava, uniq_erica, uniq_erolcha, uniq_prince_ribbit1,
          uniq_gastronok
Temple:   circular_temple_12

Skill      XL: |  1  2  3  4  5  6  7  8  9 10 |
---------------+-------------------------------+-----
Long Blades    | 3 5 7 8 10 | 10.0
Shields        | 5 10 12 | 12.1
Fighting       | 7 |  7.1
Armour         | |  3.2

Action                   |  1- 3 |  4- 6 |  7- 9 | 10-12 || total
-------------------------+-------+-------+-------+-------++-------
Melee: Long sword        |    85 |    97 |   319 |   121 ||   622
Throw: Tomahawk          |       |       |     1 |       ||     1
Invok: Recall Ancestor   |       |       |       |     1 ||     1
Evoke: Wand              |       |       |       |     4 ||     4
  Use: Scroll            |     7 |       |     8 |       ||    15
       Potion            |       |     5 |     8 |     3 ||    16
  Eat: Chunk             |     1 |     2 |    13 |     2 ||    18
       Pizza             |       |       |       |     1 ||     1
       Beef jerky        |       |       |       |     1 ||     1
Armor: Scale mail        |    28 |    29 |    94 |    36 ||   187
       Skin              |       |       |       |     1 ||     1
Dodge: Dodged            |    30 |    25 |    75 |    33 ||   163
Block: Shield            |    39 |    47 |   139 |    79 ||   304
